 Dungeon Crawl Stone Soup version 0.30.1-4-g462c640d31 (webtiles) character file.

Game seed: 9302214475826988524

13808 wingedge the Destroyer (level 11, -7/92 HPs)
             Began as a Demigod Conjurer on Aug 29, 2023.
             Mangled by Urug
             ... wielding a +7 battleaxe
              (23 damage)
             ... on level 2 of the Lair of Beasts.
             The game lasted 00:59:21 (16254 turns).

wingedge the Destroyer (Demigod Conjurer)          Turns: 16254, Time: 00:59:22

Health: -7/92      AC:  5    Str:  8    XL:     11   Next: 51%
Magic:  14/25      EV: 15    Int: 32    God:
Gold:   66         SH:  5    Dex: 18    Spells: 5/23 levels left

rFire   + . .        a - staff of conjuration
rCold   + . .        (no shield)
rNeg    . . .        X - +1 robe
rPois   +            N - +0 helmet
rElec   .            C - scarf "Ziel" {rC+ rF+, rPois}
rCorr   .            u - +0 pair of gloves
SInv    .            (no boots)
Will    ++...        Z - amulet of reflection
Stlth   ++           d - ring of willpower
HPRegen 0.35/turn    O - +6 ring of dexterity
MPRegen 0.19/turn

%: reflection
@: brilliant, very slightly contaminated
A: high MP 1, forlorn, divine attributes
a: no special abilities


You were on level 2 of the Lair of Beasts.
You visited 2 branches of the dungeon, and saw 12 of its levels.
You also visited: Sewer.

You collected 570 gold pieces.
You spent 504 gold pieces at shops.

Inventory:

Hand Weapons
 b - a +1 trident of protection
 h - a +2 flail of holy wrath
 S - a +0 heavy trident
 U - a +2 dagger of venom
Missiles
 x - 9 curare-tipped darts
 z - 3 throwing nets
 B - 10 boomerangs
 L - 38 poisoned darts
Armour
 c - a +0 ring mail
 s - a +0 robe
 u - a +0 pair of gloves (worn)
 C - the scarf "Ziel" (worn) {rC+ rF+, rPois}
   (You found it on level 1 of the Lair of Beasts)

   rPois:     It protects you from poison.
 K - a +0 buckler
 N - a +0 helmet (worn)
 V - a +0 kite shield
 X - a +1 robe (worn)
Magical Staves
 a - a staff of conjuration (weapon)
Jewellery
 d - a ring of willpower (left hand)
 f - a ring of flight
 O - a +6 ring of dexterity (right hand)
 Z - an amulet of reflection (around neck)
Wands
 G - a wand of roots (6)
 P - a wand of polymorph (5)
 Q - a wand of charming (6)
 T - a wand of digging (2)
 Y - a wand of flame (3)
Scrolls
 g - a scroll of amnesia
 i - 3 scrolls of enchant weapon
 j - a scroll of magic mapping
 t - a scroll of vulnerability {unknown}
 w - 2 scrolls of fear {unknown}
 y - 3 scrolls of teleportation
 A - a scroll of torment {unknown}
 D - 2 scrolls of enchant armour {unknown}
 F - 2 scrolls of blinking {unknown}
 I - 3 scrolls of immolation {unknown}
 J - a scroll of poison {unknown}
 W - a scroll of brand weapon {unknown}
Potions
 e - a potion of mutation {unknown}
 k - 2 potions of heal wounds {unknown}
 l - 6 potions of curing
 m - 2 potions of brilliance
 n - 3 potions of lignification {unknown}
 o - 5 potions of ambrosia
 p - 2 potions of flight {unknown}
 r - 3 potions of invisibility {unknown}
 v - 2 potions of might {unknown}
 E - 2 potions of magic
 H - 3 potions of degeneration {unknown}
 M - a potion of haste {unknown}
 R - a potion of resistance


   Skills:
 + Level 7.4 Fighting
 + Level 3.4 Armour
 + Level 5.2 Dodging
 - Level 3.0 Stealth
 + Level 6.8 Spellcasting
 + Level 8.4 Conjurations
 - Level 6.0 Hexes
 - Level 5.0 Translocations
 + Level 5.2 Transmutations
 + Level 3.1 Earth Magic


You had 5 spell levels left.
You knew the following spells:

 Your Spells              Type           Power      Damage    Failure   Level
a - Magic Dart            Conj           100%       1d8       1%          1
b - Searing Ray           Conj           100%       2d8       1%          2
c - Fulminant Prism       Conj/Hex       45%        3d21      2%          4
d - Blink                 Tloc           100%       N/A       1%          2
e - Iskenderun's Mystic   Conj/Tloc      88%        2d17      2%          4
f - Irradiate             Conj/Tmut      44%        3d26      7%          5

Your spell library contained the following spells:

 Spells                   Type           Power      Damage    Failure   Level
 Foxfire                  Conj/Fire      100%       2x1d9     1%          1
 Slow                     Hex            100%       N/A       1%          1
 Confusing Touch          Hex            65%        N/A       1%          3
 Dazzling Flash           Conj/Hex       100%       N/A       1%          3
 Portal Projectile        Hex/Tloc       100%       N/A       1%          3
 Tukima's Dance           Hex            65%        N/A       1%          3
 Manifold Assault         Tloc           59%        N/A       5%          4
 Sublimation of Blood     Necr           16%        N/A       6%          2
 Petrify                  Tmut/Erth      54%        N/A       8%          4
 Frozen Ramparts          Ice            32%        1d5       13%         3
 Vampiric Draining        Necr           16%        2d7       13%         3
 Ice Form                 Ice/Tmut       41%        N/A       14%         4
 Blade Hands              Tmut           30%        N/A       14%         5
 Animate Armour           Summ/Erth      62%        N/A       22%         4
 Summon Ice Beast         Ice/Summ       16%        N/A       38%         4
 Iron Shot                Conj/Erth      41%        9d8       52%         6
 Storm Form               Tmut/Air       20%        N/A       100%        7


Dungeon Overview and Level Annotations

Branches:
Dungeon (10/15)            Temple (0/1) D:5            Lair (2/5) D:9
  Sewer (visited)
  Swamp: Lair:2-3    Shoals: Lair:2-3     Snake: Lair:2-3    Spider: Lair:2-3
    Orc: D:9-12

Shops:
D:4 [   D:7 :*   D:9 *([[[

Annotations:
Lair:2 Urug


Innate Abilities, Weirdness & Mutations

You have an increased reservoir of magic. (+10% MP)
You shall have no god before yourself.
Your divine heritage dramatically boosts your attributes as you level up.


Message History

You feel sick.
You feel sick.
Urug the Orcish Ballista comes into view.
She is wielding a +7 battleaxe and quivering silver javelins.
You feel sick.
You are no longer poisoned.
Urug shouts!
Casting: Fulminant Prism (dangerous; 2% risk of failure)
Confirm with . or Enter, or press ? or * to list all spells.
Okay, then.
Urug throws a silver javelin.
The silver javelin pierces through you.
Casting: Fulminant Prism (dangerous; 2% risk of failure)
Confirm with . or Enter, or press ? or * to list all spells.
Aiming: Fulminant Prism (dangerous; 2% risk of failure)
Press: ? - help, Dir - move target, f - black mamba
Aim: a black mamba
Okay, then.
Okay, then.
Okay, then.
You feel clever all of a sudden.
Urug throws a silver javelin.
The silver javelin pierces through you!
The black mamba barely misses you. x2; Urug throws a silver javelin.
The silver javelin barely misses you.
The silver javelin barely misses the black mamba.
Urug hits you with a +7 battleaxe!
Casting: Fulminant Prism (dangerous; 2% risk of failure)
Confirm with . or Enter, or press ? or * to list all spells.
You feel a strong surge of power!
You erupt in a fountain of uncontrolled magic!
Urug is blasted with magical radiation!!!
Urug is almost dead.
The black mamba is blasted with magical radiation!!!
You kill the black mamba!
You are very lightly contaminated with residual magic.
Urug hits you with a +7 battleaxe!
* * * LOW HITPOINT WARNING * * *
Casting: Irradiate (dangerous; 7% risk of failure)
Confirm with . or Enter, or press ? or * to list all spells.
You feel a strong surge of power!
You miscast Irradiate.
Nothing appears to happen.
Urug hits you with a +7 battleaxe!!
You die...

....##.....$##.
...#.........
#....!..... . #......#
.. ## ##......#
...#.#####.......####.
......................
......................
.........@............
........)o.........S..
......................
........†.......P.#.
...##....###..!...#
... #..#..##.....#....
. ........#.....## ...
#P......##....P#
.........##....##


You could see Urug.

Vanquished Creatures
  Erolcha (D:10)
  Sonja (D:10)
  3 elephants (Lair:1)
  A black mamba (Lair:2)
  2 cane toads (Lair:1)
  A gargoyle (D:10)
  A kobold demonologist (D:9)
  2 komodo dragons (Lair:1)
  A troll (D:10)
  2 polar bears (Lair:1)
  8 blink frogs (Lair:1)
  A wraith (D:10)
  13 yaks
  Eustachio (D:6)
  A vampire (D:8)
  Grum (D:10)
  A wyvern (D:5)
  Edmund (D:5)
  A steam dragon (D:9)
  Duvessa (D:7)
  7 water moccasins
  2 ice beasts (D:6)
  A sky beast (D:8)
  3 orc warriors
  A black bear (D:6)
  An ogre (D:5)
  2 wolves (D:10)
  A centaur (D:8)
  A phantom (D:6)
  8 bullfrogs
  A gnoll sergeant (D:9)
  5 kobold brigands
  2 scorpions
  4 wights (D:7)
  Dowan (D:7)
  2 howler monkeys
  3 jellies
  5 hounds
  3 orc priests
  6 gnoll boudas
  2 iguanas
  6 orc wizards
  Robin (D:2)
  30 gnolls
  15 adders
  10 river rats
  A shadow imp (D:5)
  A white imp (D:7)
  9 worms
  A dart slug (D:4)
  21 orcs
  8 bats
  14 endoplasms
  7 giant cockroaches
  17 goblins
  5 hobgoblins
  2 jackals (D:4)
  19 kobolds
  10 quokkas
  13 ball pythons
  3 frilled lizards
  32 rats
330 creatures vanquished.

Vanquished Creatures (others)
  103 fulminant prisms
103 creatures vanquished.

Grand Total: 433 creatures vanquished

Notes
Turn   | Place    | Note
-------+----------+-------------------------------------------
     0 | D:1      | wingedge the Demigod Conjurer began the quest for the Orb.
     0 | D:1      | Reached XP level 1. HP: 14/14 MP: 5/5
   443 | D:1      | Reached skill level 4 in Conjurations
   531 | D:1      | Reached XP level 2. HP: 20/20 MP: 2/7
   704 | D:1      | Reached skill level 1 in Fighting
  1168 | D:2      | Reached XP level 3. HP: 29/29 MP: 6/8
  1292 | D:2      | Learned a level 2 spell: Searing Ray
  1762 | D:2      | Reached XP level 4. HP: 36/36 MP: 7/10
  2179 | D:2      | Noticed Robin
  2217 | D:2      | Killed Robin
  2221 | D:2      | Reached skill level 1 in Hexes
  2681 | D:3      | Found a glowing drain.
  2693 | Sewer    | Entered a sewer
  3160 | Sewer    | Noticed a kobold brigand
  3173 | Sewer    | Killed a kobold brigand
  3174 | Sewer    | Reached XP level 5. HP: 35/42 MP: 2/11
  3637 | Sewer    | Reached XP level 6. HP: 51/51 MP: 5/13
  4831 | D:3      | Learned a level 4 spell: Fulminant Prism
  4834 | D:3      | Learned a level 2 spell: Blink
  5194 | D:4      | Found Orgheghoi's Armour Boutique.
  6248 | D:5      | Entered Level 5 of the Dungeon
  6259 | D:5      | Reached skill level 5 in Conjurations
  6259 | D:5      | Reached skill level 1 in Translocations
  6266 | D:5      | Reached XP level 7. HP: 52/57 MP: 0/15
  6511 | D:5      | Noticed Edmund
  6523 | D:5      | Killed Edmund
  7366 | D:5      | Found a staircase to the Ecumenical Temple.
  7380 | D:5      | Noticed a wyvern
  7387 | D:5      | Killed a wyvern
  7446 | D:5      | Reached XP level 8. HP: 67/67 MP: 8/17
  8166 | D:5      | Learned a level 4 spell: Iskenderun's Mystic Blast
  8594 | D:6      | Reached skill level 6 in Conjurations
  8692 | D:6      | Identified the +1 tower shield of Spring {Str+3}
  8810 | D:6      | Noticed Eustachio
  8827 | D:6      | Killed Eustachio
  8828 | D:6      | Reached skill level 5 in Fighting
  9598 | D:7      | Found Qeni's Book Shoppe.
  9664 | D:7      | Reached XP level 9. HP: 74/74 MP: 10/19
  9667 | D:7      | Reached skill level 1 in Transmutations
  9780 | D:7      | Found Myik's Neck Hole.
  9962 | D:7      | Noticed Dowan
  9968 | D:7      | Killed Dowan
  9994 | D:7      | Noticed Duvessa
 10003 | D:7      | Killed Duvessa
 10154 | D:7      | Got Sif Muna's Anthology of the Red-Hot Jinx
 10202 | D:7      | Reached skill level 5 in Spellcasting
 10301 | D:7      | Learned a level 5 spell: Irradiate
 10663 | D:8      | Reached skill level 1 in Armour
 10812 | D:8      | Reached skill level 5 in Hexes
 11614 | D:9      | Found Ineatrie's Armour Shoppe.
 11615 | D:9      | Found Xacir's Armour Shop.
 11898 | D:9      | Found Tolapn's Antique Weapon Shoppe.
 11928 | D:9      | Found Ygorir's General Store.
 11946 | D:9      | Noticed a kobold demonologist
 11952 | D:9      | Killed a kobold demonologist
 11953 | D:9      | Reached XP level 10. HP: 83/83 MP: 11/21
 11956 | D:9      | Reached skill level 7 in Conjurations
 12176 | D:9      | Found Joisaix's Armour Shop.
 12553 | D:9      | Found a staircase to the Lair.
 12788 | D:10     | Entered Level 10 of the Dungeon
 12803 | D:10     | Noticed Erolcha
 13175 | D:10     | Noticed Sonja
 13181 | D:10     | Killed Sonja
 13701 | D:10     | Noticed Grum
 13711 | D:10     | Killed Grum
 13921 | D:10     | Killed Erolcha
 14362 | Lair:1   | Entered Level 1 of the Lair of Beasts
 14364 | Lair:1   | Noticed an elephant
 14369 | Lair:1   | Reached skill level 5 in Dodging
 14369 | Lair:1   | Reached skill level 5 in Translocations
 14407 | Lair:1   | Reached skill level 1 in Earth Magic
 14412 | Lair:1   | Reached XP level 11. HP: 64/91 MP: 5/24
 14762 | Lair:1   | Reached skill level 8 in Conjurations
 15613 | D:7      | Bought a book of Iron for 504 gold pieces
 15691 | Lair:1   | Identified the scarf "Ziel" {rC+ rF+, rPois}
 15742 | Lair:1   | Reached skill level 5 in Transmutations
 16245 | Lair:2   | Noticed Urug
 16254 | Lair:2   | Mangled by Urug

Illustrated notes

Levels and vault maps discovered:
D:1:      minmay_arrival_up_and_down, layout_basic
D:2:      layout_loops_ring, minmay_pentomino_x4, uniq_robin
D:3:      layout_basic, portal_sewer_entry_f, minmay_cut_off
D:4:      layout_basic, serial_shops, shop, nicolae_grassy_gnolls
D:5:      lemuel_ratsnest, layout_loops_ring, minmay_temple_entry_from_below_a,
          kennysheep_boxes, uniq_edmund
D:6:      layout_cave_pools, mainiacjoe_overflow_boulevard,
          nzn_hepliaklqana_mist_gate, uniq_eustachio
D:7:      layout_basic, nzn_overflow_gifts_of_might_and_magic,
          mainiacjoe_overflow_cross_hatched, serial_shops, shop, st_stairs_10,
          corexii_checkpoint_a, nicolae_shop_sticking_my_neck_out, uniq_duvessa
D:8:      layout_rooms, serial_corexii_hall, corexii_hall_statues_s,
          chequers_hall_statues_wall_a, corexii_hall_statues_i
D:9:      layout_basic, mainiacjoe_overflow_small_starburst, lair_entry_dummy,
          serial_corexii_hall, chequers_hall_statues_y, corexii_hall_statues_l,
          serial_shops, shop, shop_statue, shop, nicolae_shop_window_shopping,
          shop, nrook_uturn
D:10:     layout_basic, hex_medium, uniq_erolcha, uniq_grum, uniq_sonja
Lair:1:   layout_hall_layers, grunt_megastairs_1, lemuel_fruit_tree
Lair:2:   layout_regular_city, uniq_urug

Skill      XL: |  1  2  3  4  5  6  7  8  9 10 11 |
---------------+----------------------------------+-----
Spellcasting   | 2 3 4 5 6 |  6.8
Conjurations   | 4 5 6 7 8 |  8.4
Fighting       | 1 2 3 4 5 6 7 |  7.4
Dodging        | 2 3 4 5 |  5.2
Stealth        | 2 3 |  3.0
Hexes          | 1 2 3 4 5 6 |  6.0
Translocations | 1 2 3 4 5 |  5.0
Transmutations | 2 4 5 |  5.2
Armour         | 2 3 |  3.4
Earth Magic    | 1 3 |  3.1

Action                     |  1- 3 |  4- 6 |  7- 9 | 10-12 || total
---------------------------+-------+-------+-------+-------++-------
  Melee: Dagger            |       |    36 |       |       ||    36
         Trident           |       |       |    36 |    26 ||    62
         Punch             |       |       |     1 |     2 ||     3
         Staff             |       |       |       |     1 ||     1
  Throw: Dart              |       |       |     1 |     1 ||     2
   Cast: Magic Dart        |    84 |   129 |    39 |    14 ||   266
         Searing Ray       |     3 |    30 |    70 |    24 ||   127
         Fulminant Prism   |       |       |    44 |    59 ||   103
         Iskenderun's Myst |       |       |     3 |     2 ||     5
         Blink             |       |       |     1 |     5 ||     6
         Irradiate         |       |       |       |     9 ||     9
    Use: Scroll            |       |     3 |     5 |     7 ||    15
         Potion            |       |       |       |     1 ||     1
 Armour: Robe              |     1 |    27 |    36 |    24 ||    88
  Dodge: Dodged            |     3 |    46 |    79 |    72 ||   200
  Block: Other             |       |       |       |    15 ||    15
